Unix NetHack Version 5.0.0-0 post-release - last build May 23 2026 06:08:33 (1c0ff79ee797540d5714e4e18072db0edd9e58ae,branch:main).

Game began 2026-05-26 05:22:46, ended 2026-05-26 08:44:31.

ArrBianca, chaotic female elven Priestess

                                                        ----
          --                                            |..---
       ---.---                                    ---   |....--
       |.....|  ----         ----       ----       ..   --....----
       |.....---...|         |..         ...       -.-- |........--
  ------...........--         .           -...    --..| --........|
  |.................# -------|.-           -.... --...---....---..--
 --................#- |..--.--.|           |.................| --%.--
 |.................| --........|     ----  ----.............-|  |.<.|
 |-.........-- --  |--.........---   #..|     -- ---.........|  --%*|
 |........---       |............---  ..--  -----  |-...--..--   |..-
 --.......|         |..............|  -..| --.|.-- |....-----    |...
  -.......|         --..^.....-...-----..---.....---.....---  |  |.....
 |..|.|...--         --.---..|........[.......................|  ---....
 |.------..--         --- |.---....----...*..%........---------     ....-
 |.     |...|             |.| -----..|....--.(........|             .....
--  -----...---------------.--     ......------...--..|             -....|
|...................@B.........-  -..-----    --..|----              --.--
-- ----->....------------  .----  |            ----                    ..
       |..|.--             .|                                          ---
       ------             ---
ArrBianca the Acolyte        St:12 Dx:13 Co:10 In:9 Wi:18 Ch:13  Chaotic
Dlvl:5  $:88 HP:0(31) Pw:70(70) AC:3  Xp:5 T:1603 

Latest messages:
 What do you want to eat? [lvA or ?*] i
 You cannot eat that!
 You drop a +0 pair of hard shoes.
 You finish your dressing maneuver.
 You see here a whistle.
 G - a whistle.
 You materialize in a different location!
 You descend the stairs.
 You hit the gnome lord!
 The gnome lord wields a thonged club!
 The gnome lord secures the tether on the thonged club.
 You miss the gnome lord.
 The gnome lord swings his thonged club.
 The gnome lord just misses!
 You miss the gnome lord.
 You miss the gnome lord.
 The gnome lord swings his thonged club.
 The gnome lord hits!
 You miss the gnome lord.
 The gnome lord swings his thonged club.
 The gnome lord hits!
 You miss the gnome lord.
 The gnome lord swings his thonged club.
 The gnome lord misses!
 You hit the gnome lord.
 The gnome lord turns to flee.
 The gnome lord zaps a crystal wand!
 The magic missile whizzes by you!
 You can't go down here.
 You can't go down here.
 You climb up the stairs.
 What do you want to write with? [- ajoqxz or ?*] e
 You don't have that object.
 What do you want to write with? [- ajoqxz or ?*] n
 You write in the dust with 2 cyan potions.
 What do you want to write in the dust here? 
 Never mind.
 The bat bites!
 The bat misses!
 In what direction? l
 The dart hits the bat.
 The bat bites!
 You miss the bat.
 The bat bites!
 The bat bites!
 You miss the bat.
 The bat bites!
 The bat bites!
 You die...
 Do you want your possessions identified? [ynq] (y) q

Inventory:
 Coins    ('$')
  $ - 88 gold pieces
 Weapons  (')')
  z - 10 blessed +0 arrows
  q - 11 +0 darts (at the ready)
  x - a cursed -2 dagger
  a - a blessed +1 mace (weapon in right hand)
 Armor    ('[')
  E - a +0 dwarvish iron helm (being worn)
  F - a +0 pair of iron shoes (being worn)
  c - a +0 small shield (being worn)
  C - a +0 dwarvish cloak
  b - a +0 robe (being worn)
 Comestibles  ('%')
  v - a food ration
  A - a tripe ration
  l - a cursed rotten tin of newt meat
 Scrolls  ('?')
  p - a scroll of charging
  t - a cursed scroll of enchant weapon
  D - a scroll of teleportation
 Spellbooks  ('+')
  h - a spellbook of detect monsters
  g - a spellbook of light
 Potions  ('!')
  y - a potion of acid
  n - 2 potions of healing
  d - 4 potions of holy water
 Wands    ('/')
  j - a wand of secret door detection (0:13)
 Tools    ('(')
  i - a wooden harp
  G - a tin whistle
 Gems/Stones  ('*')
  o - a worthless piece of violet glass

ArrBianca the Priestess's attributes:

Background:
 You were an Acolyte, a level 5 elven Priestess.
 You were chaotic, nominally on a mission for Susanowo
 who was opposed by Amaterasu Omikami (lawful) and Raijin (neutral).
 You were right-handed.
 You were in the Gnomish Mines, on level 5.
 You entered the dungeon 1603 turns ago.
 You had 175 experience points, 145 more were needed to attain level 6.

Basics:
 You had 0 out of 31 hit points.
 You had all 70 energy points (spell power).
 Your armor class was 3.
 Your wallet contained 88 zorkmids.
 Autopickup was on for '$?!/="+%' plus thrown, with exceptions.

Final Characteristics:
 Your strength was 12 (limit:18).
 Your dexterity was 13 (limit:18).
 Your constitution was 10 (limit:16).
 Your intelligence was 9 (limit:20).
 Your wisdom was 18 (limit:20).
 Your charisma was 13 (limit:18).

Final Status:
 You weren't hungry.
 You were unencumbered.
 You were wielding a mace.
 You had basic skill with mace.

Final Attributes:
 You were devoutly aligned.
 You were sleep resistant.
 You had infravision.
 You were guarded.
 Your spell casting was enhanced by wearing a robe.
 You are dead.

Miscellaneous:
 You didn't encounter any bones levels.
 Total elapsed playing time was 15 minutes and 25 seconds.

Major events:
 Turn
    1: ArrBianca the chaotic elven Priestess entered the dungeon
 1097: attained the rank of Acolyte (level 3)
 1374: entered the Gnomish Mines
 1603: killed by a bat

Spells:
 Name                 Level Category     Fail Retention
 light                  1   clerical       0%  91%-100%
 detect monsters        1   divination     0%  76%-100%

Skills:
 Fighting Skills
   bare handed combat [Unskilled]
 Weapon Skills
   club               [Unskilled]
   mace               [Basic]
   morning star       [Unskilled]
   flail              [Unskilled]
   hammer             [Unskilled]
   quarterstaff       [Unskilled]
   polearms           [Unskilled]
   spear              [Unskilled]
   trident            [Unskilled]
   lance              [Unskilled]
   bow                [Unskilled]
   sling              [Unskilled]
   crossbow           [Unskilled]
   dart               [Unskilled]
   shuriken           [Unskilled]
   boomerang          [Unskilled]
   unicorn horn       [Unskilled]
 Spellcasting Skills
   healing spells     [Unskilled]
   divination spells  [Unskilled]
   clerical spells    [Basic]

Voluntary challenges:
 Character rerolling was not enabled.
 You were an atheist.
 You never genocided any monsters.
 You never polymorphed an object.
 You never changed form.
 You used no wishes.
Achievements:
 You entered a shop.
 You attained the rank of Acolyte.
 You entered the Gnomish Mines.

 The Dungeons of Doom: levels 1 to 4
    Level 1:
       An altar to Susanowo, a fountain, a sink.
    Level 2:
       A fountain.
    Level 3:
       A tool shop, a fountain.
    Level 4:
       Some fountains.
       Stairs down to The Gnomish Mines.
 The Gnomish Mines: levels 5 to 6
    Level 5: <- You were here.
       Final resting place for
          you, killed by a bat.
    Level 6:


Vanquished creatures:
  a gnome leader
  a kitten
  2 dwarves
  a kobold leader
  4 iguanas
  a gas spore
  a hobbit
  a red mold
 10 gnomes
  a gnome zombie
  5 jackals
  a fox
  a kobold
  a sewer rat
  3 grid bugs
  a kobold zombie
  3 newts
38 creatures vanquished.

No species were genocided or became extinct.

Game over:
                       ----------
                      /          \
                     /    REST    \
                    /      IN      \
                   /     PEACE      \
                  /                  \
                  |    ArrBianca     |
                  |      88 Au       |
                  | killed by a bat  |
                  |                  |
                  |                  |
                  |                  |
                  |       2026       |
                 *|     *  *  *      | *
        _________)/\\_//(\/(/\)/\//\/|_)_______

Goodbye ArrBianca the Priestess...

You died in The Gnomish Mines on dungeon level 5 with 1060 points,
and 88 pieces of gold, after 1603 moves.
You were level 5 with a maximum of 31 hit points when you died.

